 Dungeon Crawl Stone Soup version 0.30.1-9-gdf580d7c3d (webtiles) character file.

Game seed: 3361218923324185115

2176 Wynsegor the Cleaver (level 9, -1/69 HPs)
             Began as a Human Berserker on Oct 13, 2023.
             Was a Believer of Trog.
             Slain by a gnoll
             ... wielding a +0 spear
             ... led by a gnoll bouda
              (5 damage)
             ... on level 7 of the Dungeon.
             The game lasted 00:41:39 (6258 turns).

Wynsegor the Cleaver (Human Berserker)              Turns: 6258, Time: 00:41:39

Health: -1/69      AC: 23    Str: 24    XL:     9   Next: 58%
Magic:  9/9        EV: 10    Int: 10    God:    Trog [**....]
Gold:   572        SH:  0    Dex: 20    Spells: 8/8 levels left

rFire   . . .        A - +3 morningstar "Josim" {freeze, rElec Str+3 Dex+3}
rCold   . . .        m - orb {*Rage}
rNeg    . . .        t - +10 plate armour "Difufu" {Int+3 Dex+3}
rPois   .            q - +0 helmet
rElec   +            (no cloak)
rCorr   .            (no gloves)
SInv    .            (no boots)
Will    +++..        u - amulet of the acrobat Stlth
                     p - ring of willpower
HPRegen 1.31/turn    (no ring)
MPRegen 0.11/turn

%: random rage (20%), acrobat
@: lethally poisoned (-1 -> -2), strong-willed, on berserk cooldown,
regenerating, slowed, very slow
A: no striking features
a: Renounce Religion, Berserk, Trog's Hand


You were on level 7 of the Dungeon.
You worshipped Trog.
Trog was pleased with you.
You visited 1 branch of the dungeon, and saw 7 of its levels.
You also visited: Ossuary.

You collected 572 gold pieces.

Inventory:

Hand Weapons
 a - a +0 hand axe
 z - a +0 trident of protection
 A - the +3 morningstar "Josim" (weapon) {freeze, rElec Str+3 Dex+3}
   (You found it on level 6 of the Dungeon)

   Str:       It affects your strength (+3).
   Dex:       It affects your dexterity (+3).
   rElec:     It insulates you from electricity.
Armour
 b - a +0 animal skin
 e - a +0 robe
 i - a +0 chain mail
 m - an orb of wrath (worn)
 q - a +0 helmet (worn)
 t - the +10 plate armour "Difufu" (worn) {Int+3 Dex+3}
   (You found it on level 4 of the Dungeon)

   Int:       It affects your intelligence (+3).
   Dex:       It affects your dexterity (+3).
Jewellery
 f - a ring of magical power
 h - an amulet of faith
 p - a ring of willpower (left hand)
 u - an amulet of the acrobat (around neck)
Scrolls
 d - 8 scrolls of identify
 j - a scroll of enchant weapon
 k - a scroll of vulnerability {unknown}
 n - 3 scrolls of teleportation {unknown}
 o - a scroll of silence {unknown}
 r - a scroll of poison {unknown}
 v - a scroll of fear {unknown}
 w - a scroll of blinking {unknown}
 y - 2 scrolls of noise {unknown}
 B - 2 scrolls of amnesia {unknown}
 G - a scroll of magic mapping {unknown}
Potions
 c - 3 potions of resistance {unknown}
 g - a potion of mutation {unknown}
 l - 6 potions of curing {unknown}
 s - 2 potions of attraction {unknown}
 x - 2 potions of lignification {unknown}
 C - a potion of might {unknown}
 D - a potion of magic {unknown}
 E - a potion of ambrosia {unknown}
 F - a potion of invisibility {unknown}
 H - a potion of flight {unknown}
 I - a potion of brilliance {unknown}


   Skills:
 + Level 6.2 Fighting
 * Level 8.2 Axes
 + Level 5.6 Armour
 + Level 5.6 Dodging


You had 8 spell levels left.
You didn't know any spells.
Your spell library was empty.

Dungeon Overview and Level Annotations

Branches:
Dungeon (7/15)             Temple (0/1) D:6         Ossuary (visited)

Altars:
Elyvilon
Kikubaaqudgha
Nemelex Xobeh
Qazlal
Uskayaw
Xom
Yredelemnul
Zin

Shops:
D:1 (   D:2 [   D:5 (   D:7 ?


Message History

* * * LOW HITPOINT WARNING * * *
The gnoll closely misses you.
The scorpion stings you but does no damage.
The orc warrior barely misses you. The orc hits you but does no damage.
The gnoll barely misses you.
Okay, then.
Your skin crawls.
You feel strong-willed.
The scorpion stings you but does no damage.
The orc hits you but does no damage. The orc warrior misses you.
The scorpion closely misses you. The gnoll hits you but does no damage.
You hit the scorpion. You freeze the scorpion.
The scorpion is moderately wounded.
The scorpion closely misses you. The orc hits you but does no damage.
The orc warrior hits you but does no damage.
The gnoll hits you with a +0 spear.
* * * LOW HITPOINT WARNING * * *
The scorpion stings you.
* * * LOW HITPOINT WARNING * * *
You are poisoned.
The scorpion poisons you! The orc misses you.
The orc warrior closely misses you. The gnoll barely misses you.
The scorpion barely misses you.
You feel very sick. The orc warrior closely misses you. The gnoll misses you.
The scorpion stings you but does no damage.
The orc hits you but does no damage.
The orc warrior hits you with a +0 halberd!
* * * LOW HITPOINT WARNING * * *
The gnoll completely misses you.
Items here: ( ) [ †.
Your skin crawls.
You feel strong-willed.
You feel very sick.
The scorpion stings you but does no damage.
The orc hits you but does no damage.
The orc warrior hits you but does no damage.
The scorpion barely misses you.
The gnoll hits you from afar with a +0 spear.
You die...

.... .. .... .. ...
.# . .. ###.. .# ..
....##...### .# ...
....#......##.# ....
............g.#....#
..........?soo.....#
..........:.@##∩....
...<........### ..#$
..............#.. #
......(.........#
.......<.....#..#
................#
........).........
...................
...................


You could see an orc warrior, a scorpion, a gnoll and an orc.

Vanquished Creatures
  Prince Ribbit (D:6)
  Sigmund (D:3)
  The ghost of kalagan the Conjurer, an amateur DECj of Sif Muna (D:4)
  Eustachio (D:6)
  A water moccasin (D:4)
  An orc warrior (D:6)
  A black bear (D:6)
  2 ogres (D:6)
  A centaur (D:7)
  A gnoll sergeant (D:4)
  3 scorpions
  A crimson imp (D:5)
  A hound (D:6)
  A jelly (D:6)
  A gnoll bouda (D:7)
  3 orc priests
  2 sleepcaps
  3 iguanas
  3 orc wizards
  8 mummies (Ossuary)
  Robin (D:2)
  6 adders
  6 gnolls
  2 white imps
  An ufetubus (D:5)
  A dart slug (D:2)
  A worm (D:3)
  12 orcs
  12 ball pythons
  13 endoplasms
  3 giant cockroaches
  11 goblins
  8 hobgoblins
  3 jackals (D:1)
  3 kobolds
  3 quokkas
  4 bats
  A frilled lizard (D:1)
  5 hobgoblin zombies (Ossuary)
  A kobold zombie (Ossuary)
  2 orc zombies (Ossuary)
  A rat (D:2)
137 creatures vanquished.

Vanquished Creatures (others)
  A human (D:5)
1 creature vanquished.

Grand Total: 138 creatures vanquished

Notes
Turn   | Place    | Note
-------+----------+-------------------------------------------
     0 | D:1      | Wynsegor the Human Berserker began the quest for the Orb.
     0 | D:1      | Reached XP level 1. HP: 18/18 MP: 1/1
    69 | D:1      | Found Manabeso's Antique Weapon Shoppe.
   143 | D:1      | Reached XP level 2. HP: 19/24 MP: 2/2
   496 | D:1      | Reached XP level 3. HP: 23/29 MP: 3/3
   816 | D:2      | Reached ** piety under Trog
   817 | D:2      | Reached XP level 4. HP: 35/35 MP: 4/4
   906 | D:2      | Noticed Robin
   933 | D:2      | Killed Robin
   934 | D:2      | Reached skill level 4 in Axes
  1182 | D:2      | Found Oniqum's Antique Armour Boutique.
  1492 | D:3      | Reached XP level 5. HP: 37/42 MP: 5/5
  1763 | D:3      | Found a faded altar of an unknown god.
  1767 | D:3      | Noticed Sigmund
  1778 | D:3      | Found a glowing silver altar of Zin.
  2325 | D:4      | Found a hide-covered altar of Uskayaw.
  2325 | D:4      | Noticed a +0 dagger
  2325 | D:4      | Noticed a +0 spear
  2325 | D:4      | Noticed a +0 falchion
  2326 | D:4      | Noticed a +0 short sword
  2326 | D:4      | Noticed a +0 dagger
  2327 | D:4      | Noticed a +0 spear
  2327 | D:4      | Noticed a +0 short sword
  2327 | D:4      | Noticed a +0 falchion
  2358 | D:4      | Found a shimmering altar of Xom.
  2397 | D:4      | Found a stormy altar of Qazlal.
  2401 | D:4      | Identified the +10 plate armour "Difufu" {Int+3 Dex+3}
  2602 | D:5      | Entered Level 5 of the Dungeon
  2723 | D:5      | Found an ancient bone altar of Kikubaaqudgha.
  2731 | D:5      | Noticed a human
  2737 | D:5      | Killed a human
  2793 | D:5      | Reached XP level 6. HP: 48/48 MP: 6/6
  3419 | D:5      | Reached skill level 5 in Axes
  3504 | D:5      | Found Regyu's Weapon Shoppe.
  3819 | D:4      | Found a runed translucent door.
  3821 | D:4      | Noticed kalagan's ghost (amateur DECj)
  3894 | D:4      | Killed kalagan's ghost
  3895 | D:4      | Reached XP level 7. HP: 19/55 MP: 7/7
  4205 | D:4      | Noticed a water moccasin
  4215 | D:4      | Killed a water moccasin
  4405 | D:3      | Killed Sigmund
  4406 | D:3      | Reached skill level 5 in Fighting
  4406 | D:3      | Reached skill level 6 in Axes
  4406 | D:3      | Reached XP level 8. HP: 62/62 MP: 8/8
  5050 | D:6      | Noticed Prince Ribbit
  5051 | D:6      | Noticed Eustachio
  5057 | D:6      | Killed Prince Ribbit
  5095 | D:6      | Reached skill level 7 in Axes
  5115 | D:6      | Killed Eustachio
  5116 | D:6      | Reached skill level 5 in Armour
  5116 | D:6      | Reached skill level 5 in Dodging
  5116 | D:6      | Reached XP level 9. HP: 69/69 MP: 9/9
  5122 | D:6      | Found a staircase to the Ecumenical Temple.
  5198 | D:6      | Found a sparkling altar of Nemelex Xobeh.
  5198 | D:6      | Found a basalt altar of Yredelemnul.
  5271 | D:6      | Identified the +3 morningstar "Josim" {freeze, rElec Str+3
                  | Dex+3}
  5423 | D:6      | Found a white marble altar of Elyvilon.
  5587 | D:6      | Found a sand-covered staircase.
  5594 | Ossuary  | Entered an ossuary
  5607 | Ossuary  | Reached skill level 8 in Axes
  6227 | D:7      | Found Urinai's Magic Scroll Boutique.
  6258 | D:7      | Slain by a gnoll

Illustrated notes

Levels and vault maps discovered:
D:1:      matt_arrival_spirals, layout_rooms, serial_shops,
          nicolae_shop_overgrown_old_shop
D:2:      layout_rooms, serial_shops, shop, uniq_robin
D:3:      layout_basic, nicolae_overflow_ecumenical_swirl, uniq_sigmund
D:4:      layout_basic, nicolae_uskayaw_en_pointe,
          mainiacjoe_overflow_catch_the_wave, ebering_ghost_reflecting_pool,
          lightli_minifort
D:5:      layout_gridville, tgw_kikubaaqudgha, serial_shops,
          nicolae_shop_hallway_plus, minivault_23, minmay_fire_ice_demons
D:6:      layout_loops_ring, jmf_multi_god_temple, elyvilon_altar_5,
          minmay_temple_entry_waves, nicolae_ossuary_entry_plus,
          grunt_decor_junction, hangedman_abyss_or_decor_lesser_grid,
          dk_vineyard_2, uniq_eustachio, uniq_prince_ribbit1
D:7:      layout_cave_pools, serial_glass, glass_columns_b, glass_columns_a,
          serial_shops, shop, corexii_hall_statues_u, uniq_joseph

Skill      XL: |  1  2  3  4  5  6  7  8  9 |
---------------+----------------------------+-----
Axes           | 4 5 6 7 8 |  8.2
Fighting       | 4 5 6 |  6.2
Dodging        | 3 4 5 |  5.6
Armour         | 3 4 5 |  5.6

Action                     |  1- 3 |  4- 6 |  7- 9 || total
---------------------------+-------+-------+-------++-------
  Melee: Hand axe          |    75 |   182 |   121 ||   378
         Trident           |       |       |    14 ||    14
         Morningstar       |       |       |    87 ||    87
 Invoke: Berserk           |     2 |     3 |     2 ||     7
         Trog's Hand       |       |     5 |     7 ||    12
    Use: Potion            |       |     1 |     5 ||     6
         Scroll            |       |       |     1 ||     1
 Armour: Animal skin       |     4 |       |       ||     4
         Robe              |    10 |       |       ||    10
         Chain mail        |    44 |    73 |       ||   117
         Plate armour      |       |    64 |   447 ||   511
  Dodge: Dodged            |    68 |    98 |   371 ||   537
